 Dungeon Crawl Stone Soup version 0.21.3 (webtiles) character file.

1794 MordorOrchid the Digger (level 9, -3/54 HPs)
             Began as an Octopode Earth Elementalist on Apr 7, 2020.
             Slain by a gnoll sergeant
             ... wielding a +0 spear
              (8 damage)
             ... on level 6 of the Dungeon.
             The game lasted 00:27:24 (4741 turns).

MordorOrchid the Digger (OpEE)                      Turns: 4741, Time: 00:27:25

Health: -3/54      AC:  1    Str:  7    XL:     9   Next: 9%
Magic:  18/18      EV: 12    Int: 21    God:
Gold:   298        SH:  0    Dex: 12    Spells: 5/20 levels left

rFire    + . .     SeeInvis .   y - +1 dagger (venom)
rCold    . . .     Gourm    .   (no shield)
rNeg     + . .     Faith    .   (helmet restricted)
rPois    .         Spirit   .   (no amulet)
rElec    .         Reflect  .   a - ring of positive energy
rCorr    .         Harm     .   w - ring of protection from fire
MR       .....                  x - -3 ring of evasion (curse)
Stlth    +++.......             (no ring)
HPRegen  0.18/turn              (no ring)
MPRegen  0.16/turn              (no ring)
                                (no ring)
                                (no ring)

@: very slightly contaminated
A: almost no armour, stealthy swim, amphibious, 8 rings, constrict 8, camouflage
1, gelatinous body 1
a: no special abilities


You were on level 6 of the Dungeon.
You were not hungry.

You visited 1 branch of the dungeon, and saw 6 of its levels.

You collected 298 gold pieces.

Inventory:

Hand Weapons
 e - a +0 hand axe
 j - a +0 shortbow
 p - a +2 trident of freezing
 y - a +1 dagger of venom (weapon)
 z - a +1 vampiric short sword
 B - a +0 dagger
 C - a +1 short sword of speed
 D - a +0 whip of venom
Missiles
 b - 76 stones (quivered)
 f - 10 poisoned needles
 A - 39 bolts
 I - 51 sling bullets
 J - 43 arrows
 L - 6 tomahawks
Jewellery
 a - a ring of positive energy (left tentacle)
 o - an uncursed ring of teleportation
 w - a ring of protection from fire (right tentacle)
 x - a cursed -3 ring of evasion (on tentacle)
Wands
 h - a wand of enslavement (12)
 t - a wand of disintegration (2)
 G - a wand of paralysis (8)
Scrolls
 i - a scroll of amnesia {unknown}
 k - a scroll of fear {unknown}
 l - 2 scrolls of teleportation
 m - a scroll of enchant armour {unknown}
 q - a scroll of magic mapping {unknown}
 E - a scroll of vulnerability {unknown}
Potions
 g - 3 potions of lignification
 n - a potion of mutation {unknown}
 r - a potion of ambrosia {unknown}
 s - a potion of invisibility {unknown}
 u - a potion of agility
 v - a potion of brilliance
 F - a potion of curing
 K - a potion of might {unknown}
 M - 2 potions of flight {unknown}
Books
 d - a book of Geomancy

   Spells                             Type                      Level
   a - Sandblast                      Earth                        1
   b - Passwall                       Transmutation/Earth          2
   c - Stone Arrow                    Conjuration/Earth            3
   d - Petrify                        Transmutation/Earth          4
   e - Lee's Rapid Deconstruction     Earth                        5
Comestibles
 c - 8 rations
 H - 7 chunks of flesh


   Skills:
 - Level 2.1 Fighting
 * Level 4.4 Dodging
 - Level 3.0 Stealth
 + Level 6.0 Spellcasting
 - Level 2.0 Conjurations
 * Level 4.1 Transmutations
 + Level 6.1 Earth Magic
 * Level 4.0 Evocations


You had 5 spell levels left.
You knew the following spells:

 Your Spells              Type           Power        Failure   Level  Hunger
a - Sandblast             Erth           ####..       1%          1    None
d - Petrify               Tmut/Erth      ####....     12%         4    ####...
f - Stone Arrow           Conj/Erth      ###...       5%          3    ##.....
v - Lee's Rapid Deconstr  Erth           ####......   22%         5    #####..
w - Passwall              Tmut/Erth      ####......   1%          2    None


Dungeon Overview and Level Annotations

Branches:
Dungeon (6/15)
 Temple: D:4-7

Altars:
Ashenzari
Elyvilon
Hepliaklqana
Makhleb
Qazlal
Uskayaw
The Shining One

Shops:
D:6 }

Annotations:
D:5 P0WERM0DE's ghost, amateur OpNe


Innate Abilities, Weirdness & Mutations

You cannot wear most types of armour.
You are very stealthy in the water. (Stealth+)
You are amphibious.
You can wear up to eight rings at the same time.
You can use your tentacles to constrict eight enemies at once.
Your skin changes colour to match your surroundings (Stealth+).
Your rubbery body absorbs attacks. (AC +1, EV +1)


Message History

Aim: a gnoll sergeant, wielding a spear, wearing a scale mail and wearing a shield (chance to defeat MR: 57%)
You miscast Petrify.
You are very lightly contaminated with residual magic.
You experience a momentary feeling of inescapable doom!
The gnoll sergeant hits you from afar with a spear!
* * * LOW HITPOINT WARNING * * *
The gnoll sergeant hits you from afar with a spear!
* * * LOW HITPOINT WARNING * * *
Evoke which item? (* to show all) (? for menu, Esc to quit)
Aiming: Disintegrate
Press: ? - help, Shift-Dir - straight line, f/p - gnoll sergeant
Aim: a gnoll sergeant, wielding a spear, wearing a scale mail and wearing a shield (chance to defeat MR: 80%)
The gnoll sergeant is blasted.
The gnoll sergeant closely misses you.
Evoke which item? (* to show all) (? for menu, Esc to quit)
Aiming: Disintegrate
Press: ? - help, Shift-Dir - straight line, f/p - gnoll sergeant
Aim: a gnoll sergeant, wielding a spear, wearing a scale mail and wearing a shield (heavily wounded, chance to defeat MR: 80%)
The gnoll sergeant barely resists.
The gnoll sergeant hits you from afar with a spear!
You die...

##...### #.# ##....###.#
##.....#.#
################.###.#.#####..
..†...)))........# #..........
.....###########.###.#######.#
####.# #.....#
#.#############.#######
#..........g.@.........
###############.####### #.#
#.# #.# ### #.# #.. #.# #.#
#####.# #.#
#.....############.#


You could see a gnoll sergeant.

Vanquished Creatures
  2 ice beasts
  A black bear (D:5)
  An orc warrior (D:6)
  2 ogres
  2 necrophages (D:5)
  A centaur (D:5)
  A scorpion (D:5)
  5 wights (D:6)
  A crimson imp (D:5)
  A bullfrog zombie (D:5)
  5 orc priests
  3 hounds
  4 orc wizards (D:5)
  An iguana (D:4)
  4 worker ants
  6 gnolls
  4 adders
  2 shadow imps (D:5)
  An ooze (D:2)
  An adder zombie (D:5)
  3 worms
  3 dart slugs
  3 leopard geckos
  12 orcs
  2 ball pythons
  7 bats
  4 giant cockroaches
  8 goblins
  7 hobgoblins
  7 jackals (D:6)
  4 kobolds
  2 quokkas
  6 frilled lizards
  A giant cockroach zombie (D:5)
  12 rats
129 creatures vanquished.

Notes
Turn   | Place    | Note
-------+----------+-------------------------------------------
     0 | D:1      | MordorOrchid the Octopode Earth Elementalist began the quest for the Orb.
     0 | D:1      | Reached XP level 1. HP: 11/11 MP: 3/3
    90 | D:1      | Reached XP level 2. HP: 7/18 MP: 3/5
   163 | D:1      | Learned a level 2 spell: Passwall
   304 | D:1      | Reached XP level 3. HP: 17/22 MP: 2/6
   323 | D:1      | Learned a level 3 spell: Stone Arrow
   594 | D:2      | Found a white marble altar of Elyvilon.
   672 | D:2      | Reached skill level 1 in Fighting
   799 | D:2      | Found a stormy altar of Qazlal.
   802 | D:2      | Found a burning altar of Makhleb.
   806 | D:2      | Found a glowing golden altar of the Shining One.
   806 | D:2      | Found a hazy altar of Hepliaklqana.
   806 | D:2      | Found a shattered altar of Ashenzari.
  1028 | D:2      | Reached XP level 4. HP: 25/28 MP: 6/8
  2297 | D:4      | Noticed an ogre
  2310 | D:4      | Killed an ogre
  2310 | D:4      | Reached skill level 1 in Conjurations
  2310 | D:4      | Reached XP level 5. HP: 33/33 MP: 3/10
  2407 | D:4      | Reached skill level 1 in Evocations
  2408 | D:4      | Found a white marble altar of Elyvilon.
  2414 | D:4      | Reached XP level 6. HP: 38/38 MP: 8/11
  2626 | D:4      | Learned a level 4 spell: Petrify
  2655 | D:5      | Entered Level 5 of the Dungeon
  2655 | D:5      | Noticed a necrophage
  2809 | D:5      | Noticed an ice beast
  2830 | D:5      | Noticed P0WERM0DE's ghost (amateur OpNe)
  3006 | D:4      | Reached XP level 7. HP: 20/45 MP: 3/13
  3413 | D:5      | Reached XP level 8. HP: 24/50 MP: 0/15
  3466 | D:5      | Reached skill level 5 in Spellcasting
  3466 | D:5      | Reached skill level 5 in Earth Magic
  4161 | D:5      | Learned a level 5 spell: Lee's Rapid Deconstruction
  4473 | D:6      | Found a hide-covered altar of Uskayaw.
  4576 | D:6      | Reached XP level 9. HP: 18/54 MP: 13/17
  4657 | D:6      | Found Veiloatt's Gadget Emporium.
  4741 | D:6      | Slain by a gnoll sergeant

Skill      XL: |  1  2  3  4  5  6  7  8  9 |
---------------+----------------------------+-----
Stealth        | 3 |  3.0
Fighting       | 1 2 |  2.1
Spellcasting   | 3 4 5 6 |  6.0
Conjurations   | 1 2 |  2.0
Evocations     | 1 2 3 4 |  4.0
Transmutations | 2 3 4 |  4.1
Earth Magic    | 4 6 |  6.1
Dodging        | 3 4 |  4.4

Action                   |  1- 3 |  4- 6 |  7- 9 || total
-------------------------+-------+-------+-------++-------
Melee: Hand axe          |     5 |       |       ||     5
       Unarmed           |     3 |       |       ||     3
       Constrict         |    14 |    11 |    13 ||    38
       Tentacles         |     9 |     9 |     8 ||    26
       Dagger            |    55 |    40 |    44 ||   139
       Trident           |       |       |    11 ||    11
 Cast: Sandblast         |    23 |    38 |    66 ||   127
       Passwall          |     1 |     4 |       ||     5
       Stone Arrow       |       |     8 |     9 ||    17
       Petrify           |       |       |     2 ||     2
       Lee's Rapid Decon |       |       |     1 ||     1
Evoke: Wand              |       |     2 |     7 ||     9
  Use: Scroll            |     4 |     3 |     1 ||     8
       Potion            |       |     1 |     1 ||     2
 Stab: Sleeping          |     9 |     8 |     2 ||    19
       Distracted        |     1 |       |       ||     1
       Petrified         |       |       |     7 ||     7
  Eat: Chunk             |     1 |     6 |     8 ||    15
Armor: Skin              |     7 |     4 |     6 ||    17
Dodge: Dodged            |    34 |    33 |    32 ||    99
